 Dungeon Crawl Stone Soup version 0.30-a0-457-g4b7bca3bfa (webtiles) character file.

Game seed: 14858247652810024219

44 pokeman the Magician (level 3, -4/20 HPs)
             Began as a Deep Elf Hedge Wizard on Dec 14, 2022.
             Slain by Jessica
             ... wielding a +0 club
              (7 damage)
             ... on level 2 of the Dungeon.
             The game lasted 00:01:48 (1369 turns).

pokeman the Magician (Deep Elf Hedge Wizard)        Turns: 1369, Time: 00:01:49

Health: -4/20      AC:  3    Str: 13    XL:     3   Next: 39%
Magic:  0/11       EV: 12    Int: 20    God:
Gold:   67         SH:  0    Dex: 14    Spells: 4/12 levels left

rFire   . . .      SeeInvis .    a - +0 dagger
rCold   . . .      Faith    .    (no shield)
rNeg    . . .      Spirit   .    k - +0 leather armour
rPois   .          Reflect  .    c - +0 hat
rElec   .          Harm     .    (no cloak)
rCorr   .          Rampage  .    (no gloves)
Will    .....                    (no boots)
Stlth   ++........               (no amulet)
HPRegen 0.23/turn                g - +6 ring of strength
MPRegen 0.12/turn                (no ring)

@: slowed, very slow
A: no striking features
a: no special abilities


You were on level 2 of the Dungeon.
You visited 1 branch of the dungeon, and saw 2 of its levels.

You collected 67 gold pieces.

Inventory:

Hand Weapons
 a - a +0 dagger (weapon)
Armour
 c - a +0 hat (worn)
 k - a +0 leather armour (worn)
Jewellery
 g - a +6 ring of strength (left hand)
Scrolls
 f - 2 scrolls of vulnerability {unknown}
 j - a scroll of blinking {unknown}
 l - 2 scrolls of identify {unknown}
 o - a scroll of enchant armour {unknown}
Potions
 b - a potion of cancellation {unknown}
 d - a potion of magic
 e - a potion of degeneration {unknown}
 h - a potion of ambrosia {unknown}
 i - 2 potions of might {unknown}
 m - 2 potions of brilliance {unknown}
 n - a potion of curing {unknown}


   Skills:
 + Level 0.9 Fighting
 + Level 0.9 Armour
 - Level 2.4 Dodging
 - Level 2.4 Stealth
 * Level 5.2 Spellcasting
 + Level 1.9 Conjurations
 - Level 1.1 Summonings
 - Level 1.1 Translocations


You had 4 spell levels left.
You knew the following spells:

 Your Spells              Type           Power      Damage    Failure   Level
a - Magic Dart            Conj           52%        1d5       6%          1
b - Mephitic Cloud        Conj/Pois/Air  7%         N/A       32%         3
c - Call Imp              Summ           9%         N/A       14%         2
d - Blink                 Tloc           18%        N/A       14%         2

Your spell library contained the following spells:

 Spells                   Type           Power      Damage    Failure   Level
 Kiss of Death            Conj/Necr      36%        2d8       10%         1
 Slow                     Hex            20%        N/A       14%         1
 Cigotuvi's Dreadful Rot  Necr/Pois/Air  10%        N/A       22%         2
 Confusing Touch          Hex            5%         N/A       41%         3
 Dispel Undead            Necr           5%         3d7       82%         4


Dungeon Overview and Level Annotations

Branches:
Dungeon (2/15)

Altars:

Annotations:
D:2 Jessica


Message History

Jessica casts a spell at you. Pain shoots through your body!
Ouch! That really hurt!
* * * LOW HITPOINT WARNING * * *
Casting: Magic Dart (safe; 6% risk of failure)
Confirm with . or Enter, or press ? or * to list all spells.
Aiming: Magic Dart (safe; 6% risk of failure)
Press: ? - help, Shift-Dir - straight line, f/p - Jessica
Aim: Jessica, wielding a +0 club and wearing a +2 robe of cold resistance (severely wounded, 100% to hit)
The magic dart hits Jessica but does no damage.
Jessica is severely wounded.
Jessica casts a spell at you. Pain shoots through your body!
* * * LOW HITPOINT WARNING * * *
Jessica drinks a potion.
Jessica is healed!
Your magical contamination has completely faded away.
Jessica casts a spell.
Jessica seems to speed up.
Jessica very coldly says, "I hate your company."
You barely miss Jessica. Jessica hits you with a +0 club.
* * * LOW HITPOINT WARNING * * *
Jessica hits you but does no damage.
Casting: Magic Dart (safe; 6% risk of failure)
Confirm with . or Enter, or press ? or * to list all spells.
Aiming: Magic Dart (safe; 6% risk of failure)
Press: ? - help, Shift-Dir - straight line, f/p - Jessica
Aim: Jessica, wielding a +0 club and wearing a +2 robe of cold resistance (fast, 100% to hit)
The magic dart hits Jessica.
Jessica is lightly wounded.
Jessica barely misses you. Jessica closely misses you.
Casting: Magic Dart (safe; 6% risk of failure)
Confirm with . or Enter, or press ? or * to list all spells.
Aiming: Magic Dart (safe; 6% risk of failure)
Press: ? - help, Shift-Dir - straight line, f/p - Jessica
Aim: Jessica, wielding a +0 club and wearing a +2 robe of cold resistance (lightly wounded, fast, 100% to hit)
The magic dart hits Jessica but does no damage.
Jessica is lightly wounded.
Jessica barely misses you. Jessica hits you but does no damage.
Jessica hits you with a +0 club!
You die...

### # #.# ###
##.###########.. ..#
...............##.#
.#................#
...ยง.........#.@@.#
#######.######.##.#
...............# .#
.........####### .#
.##............. ..
.##.##.#.###### ##
.##.##.#.#
.##.##.#.#
.##.##.#.#


You could see Jessica (fast).

Vanquished Creatures
  2 adders (D:2)
  5 bats (D:1)
  An endoplasm (D:1)
  2 giant cockroaches (D:1)
  4 goblins
  A hobgoblin (D:1)
  4 frilled lizards
  4 kobolds
  4 rats
27 creatures vanquished.

Notes
Turn   | Place    | Note
-------+----------+-------------------------------------------
     0 | D:1      | pokeman the Deep Elf Hedge Wizard began the quest for the
                  | Orb.
     0 | D:1      | Reached XP level 1. HP: 10/10 MP: 7/7
   262 | D:1      | Reached XP level 2. HP: 15/15 MP: 5/9
   997 | D:1      | Found a faded altar of an unknown god.
  1138 | D:2      | Reached skill level 5 in Spellcasting
  1169 | D:2      | Reached XP level 3. HP: 20/20 MP: 4/11
  1173 | D:2      | Learned a level 3 spell: Mephitic Cloud
  1176 | D:2      | Learned a level 2 spell: Call Imp
  1179 | D:2      | Learned a level 2 spell: Blink
  1341 | D:2      | Noticed Jessica
  1369 | D:2      | Slain by Jessica

Illustrated notes

Levels and vault maps discovered:
D:1:      lemuel_arrival_broad_hall, layout_rooms,
          chequers_ecumenical_altar_grove, nicolae_figureground_pulse
D:2:      layout_basic, uniq_jessica, uniq_natasha

Skill      XL: |  1  2 |
---------------+-------+-----
Spellcasting   | 5 |  5.2
Fighting       | |  0.9
Armour         | |  0.9
Dodging        | |  2.4
Stealth        | |  2.4
Conjurations   | |  1.9
Summonings     | |  1.1
Translocations | |  1.1

Action                   || total
-------------------------++-------
Melee: Dagger            ||    18
 Cast: Magic Dart        ||    77
Armor: Robe              ||     4
       Leather armour    ||     6
Dodge: Dodged            ||    32

Table legend: (Time is in decaauts)
 A = Elapsed time spent in this place.
 B = Non-inter-level travel time spent in this place.
 C = Inter-level travel time spent in this place.
 D = Time resting spent in this place.
 E = Time spent auto-exploring this place.
 F = Levels seen in this place.
 G = Mean time per level.
                   A        B        C        D        E       F      G
               +--------+--------+--------+--------+--------+-----+--------+
         Total |   1372 |   1365 |      7 |      6 |   1171 |   2 |  686.0 |
       Dungeon |   1372 |   1365 |      7 |      6 |   1171 |   2 |  686.0 |
               +--------+--------+--------+--------+--------+-----+--------+

Top non-repeatable levels by time:
     D:1: 1133 daAuts
     D:2: 239 daAuts
